Cogmind - Beta 16.1 @@@ ROGUE MODE // 2026.02.22 @ 19:29:27 Player: Sen Result: Destroyed by as-98264 with Assembled F-torch Performance ------------- Evolutions (0) 0 Regions Visited (2) 400 Robots Destroyed (11) 55 Value Destroyed (283) 283 Prototype IDs (0) 0 Alien Tech Used (0) 0 Bonus (0) 0 TOTAL SCORE: 738 Bonus ------- None Cogmind --------- Core Integrity 0/250 Matter 265/300 Energy 122/125 System Corruption 0% Temperature Cool (20) Movement Rolling (80) Location -10/Mines Parts ------- > --- POWER (1) -------- Light Ion Engine > --- PROPULSION (2) --- Wheel Flight Unit > --- UTILITY (2) ------ Sensor Array Signal Interpreter > --- WEAPON (2) ------- Light Assault Rifle > --- INVENTORY (5) ---- (None) Peak State ------------ > --- POWER ------------ Light Ion Engine > --- PROPULSION ------- Aluminum Leg Aluminum Leg > --- UTILITY ---------- Small Storage Unit Signal Interpreter > --- WEAPON ----------- Particle Gun Mining Laser > --- INVENTORY -------- Light Ion Engine Aluminum Leg Aluminum Leg Wheel Assault Rifle Light Assault Rifle Light Assault Rifle [Rating: 8] Favorites ----------- Power Light Ion Engine Engine Light Ion Engine Propulsion Aluminum Leg Leg Aluminum Leg Wheel Wheel Flight Unit Flight Unit Utility Sensor Array Device Sensor Array Storage Small Storage Unit Processor Signal Interpreter Weapon Light Assault Rifle Energy Gun Particle Gun Ballistic Gun Light Assault Rifle Launcher Grenade Launcher Special Weapon Mining Laser Build | -11 -10 -10 ------- Run | Yrd Mat Min Slots Evolved . | . . . Power . | . . . Propulsion . | . . . Utility . | . . . Weapon . | . . . Parts Attached 22 | 4 16 2 Power 3 | . 3 . Engine 3 | . 3 . Core . | . . . Reactor . | . . . Propulsion 7 | 1 5 1 Treads . | . . . Leg 5 | 1 4 . Wheel 1 | . 1 . Hover . | . . . Flight 1 | . . 1 Utility 4 | 1 3 . Device 2 | . 2 . Storage 1 | 1 . . Processor 1 | . 1 . Hackware . | . . . Protection . | . . . Artifact . | . . . Weapon 8 | 2 5 1 Energy Gun 1 | . 1 . Energy Cannon . | . . . Ballistic Gun 5 | 2 2 1 Ballistic Cannon . | . . . Launcher 1 | . 1 . Special Weapon 1 | . 1 . Impact Weapon . | . . . Slashing Weapon . | . . . Piercing Weapon . | . . . Special Melee Weapon . | . . . Unidentified Prototypes . | . . . Parts Lost 9 | . 4 5 Power 2 | . 2 . Propulsion 2 | . . 2 Utility 1 | . 1 . Weapon 4 | . 1 3 Highest Loss Streak 4 | . 2 4 To Critical Strikes . | . . . Average Backups 3 | 2 4 1 Power . | 1 1 . Propulsion 1 | 1 1 . Utility . | . . . Weapon 1 | . 2 . Tool/Special . | . . . Unused Backups . | . . . Power . | . . . Propulsion . | . . . Utility . | . . . Weapon . | . . . Tool/Special . | . . . Average Slot Usage (%) 89 | . 91 82 Engine 13 | . 13 14 Leg 22 | . 27 4 Flight 2 | . . 9 Device 8 | . 7 14 Storage 6 | . 8 . Processor 7 | . 6 14 Energy Gun 7 | . 8 2 Ballistic Gun 12 | . 13 11 Launcher 3 | . 4 . Special Weapon 3 | . . 11 Peak Build Rating 8 | 4 8 8 Average Rating 6 | 3 7 5 On Entrance 3 | . 4 7 Avg Prop Armor Cover (%) 9 | . 9 . Naked Turns . | . . . Heaviest Build 14 | 7 14 8 Greatest Support 20 | 10 20 20 Greatest Overweight (x) 1 | . . 1 Average Overweight (x) . | . . . Largest Inventory Capacity 8 | 8 8 5 Average Capacity 6 | 7 6 5 Most Carried 8 | 5 8 2 Average Carried 3 | 2 4 1 Final Capacity 8 | 8 5 5 Final Carried 5 | 5 3 . Class Distribution -------------------- 100% | Mutant Dominant Class ---------------- Mutant | -10/Materials Mutant | -10/Mines Resources | -11 -10 -10 ----------- Run | Yrd Mat Min Matter Collected 540 | 197 329 14 Remotely . | . . . Salvage Created 290 | . 258 32 Parts 18 | . 12 6 Haulers Intercepted 1 | . 1 . Recyclers Shooed . | . . . Parts Field Recycled . | . . . Retrieved Matter . | . . . Parts Self-Destructed . | . . . Prevented . | . . . Parts Restored . | . . . Kills | -11 -10 -10 ------- Run | Yrd Mat Min Combat Hostiles Destroyed 9 | . 6 3 Guns 7 | . 6 1 Cannons 2 | . . 2 Classes Destroyed 5 | . 3 2 Builder 1 | . . 1 Hauler 1 | . 1 . Swarmer 3 | . . 3 Grunt 5 | . 5 . Subdweller 1 | . 1 . Best Kill Streak 3 | . 2 3 Combat Bots Only 3 | . 2 3 Max Kills in Single Turn 1 | . 1 1 Gunslinging . | . . . Exploded . | . . . Melee . | . . . Uniques/NPCs Destroyed . | . . . Combat | -11 -10 -10 -------- Run | Yrd Mat Min Hostile Shots Fired 118 | . 63 55 Missed 28 | . 15 13 Hits 90 | . 48 42 Melee 2 | . . 2 Projectile 88 | . 48 40 Critical Strikes 2 | . 2 . Damage Taken 1195 | . 780 415 Core 255 | . 115 140 Absorbed by Shields . | . . . Regen/Repaired (Parts) 95 | . 95 . Core Remaining (%) 100 | 100 . . Volleys Fired 62 | . 41 21 Largest 2 | . 2 2 Hottest 165 | . 165 100 Shots Fired 106 | . 82 24 Gun 94 | . 76 18 Cannon . | . . . Launcher 3 | . 3 . Special 9 | . 3 6 Kinetic 79 | . 65 14 Thermal 24 | . 14 10 Explosive 3 | . 3 . Electromagnetic . | . . . Robot Hit Streak 16 | . 16 5 Robot Miss Streak 4 | . 4 2 Penetration Max . | . . . Secondary Targets 2 | . 1 1 Max Gunslinging Chain 1 | . 1 1 Shots Hit Robots 71 | . 55 16 Core Hits 21 | . 17 4 Critical Kills . | . . . Critical Parts Destroyed 1 | . 1 . Critical Strikes 1 | . 1 . Destroy 1 | . 1 . Melee Attacks . | . . . Impact . | . . . Slashing . | . . . Piercing . | . . . Sneak Attacks . | . . . Combat Hostiles . | . . . Follow-up Attacks . | . . . Damage Inflicted 906 | . 703 203 Guns 726 | . 598 128 Cannons . | . . . Explosions 105 | . 105 . Melee . | . . . Ramming 3 | . . 3 Kinetic 579 | . 500 79 Thermal 219 | . 98 121 Explosive 105 | . 105 . Electromagnetic . | . . . Impact . | . . . Slashing . | . . . Piercing . | . . . Highest Corruption . | . . . Average Corruption . | . . . Corruption Purged . | . . . Corruption Blocked . | . . . Overload Shots . | . . . Overflow Damage . | . . . Projectiles . | . . . Explosions . | . . . Melee . | . . . Knockbacks . | . . . Impact . | . . . Kinetic . | . . . Secondary . | . . . Self-Inflicted Damage 1 | . . 1 Shots . | . . . Rammed 3 | . . 3 Targets Rammed 3 | . . 3 Kicked . | . . . Crushed . | . . . Highest Temperature 195 | . 195 176 Average Temperature 60 | . 48 80 Received Heat Transfer 391 | . 342 49 Siege Activations . | . . . Martial Activations . | . . . Shielding Activations . | . . . Robots Disrupted . | . . . Combat Hostiles . | . . . Robots Corrupted . | . . . Combat Hostiles . | . . . Parts Fried . | . . . Impact Corruptions . | . . . Robots Melted . | . . . Combat Hostiles . | . . . Parts Melted . | . . . Heat Transferred 483 | . 222 261 Parts Sabotaged . | . . . Parts Stolen . | . . . Parts Stripped . | . . . Power Chain Reactions . | . . . Alert | -11 -10 -10 ------- Run | Yrd Mat Min Maximum Alert Level . | . . . Low Security (%) 100 | 100 100 100 Level 1 . | . . . Level 2 . | . . . Level 3 . | . . . Level 4 . | . . . Level 5 . | . . . High Security . | . . . Max Security . | . . . Peak Influence 50 | . 50 33 Initial . | . . . Average 7 | . 7 10 Influence Increases 239 | . 161 78 Destroy 0b10 Robot/C 160 | . 100 60 Destroy 0b10 Robot/NC 10 | . 5 5 Destroy Leader 32 | . 22 10 Successful Hack 10 | . 10 . Disable Machine 15 | . 15 . Destroy Structure 12 | . 9 3 Influence Decreases 239 | . 161 78 Time Decay 198 | . 140 58 Lost Part 41 | . 21 20 Squads Dispatched . | . . . Investigation . | . . . Extermination . | . . . Reinforcement . | . . . Assault . | . . . Garrison . | . . . Intercept . | . . . Searches Triggered . | . . . Construction Impeded . | . . . Haulers Reinforced . | . . . Active Scanning Responses . | . . . Cargo Convoy Interrupts . | . . . Stealth | -11 -10 -10 --------- Run | Yrd Mat Min Distress Signals 1 | . 1 . Communications Jammed . | . . . Distress Signals . | . . . Times Spotted 23 | . 12 11 Peak Tracking Total 8 | . 4 8 Tactical Retreats . | . . . Traps | -11 -10 -10 ------- Run | Yrd Mat Min Traps Triggered . | . . . Indirectly . | . . . Trap Hack Attempts . | . . . Triggered . | . . . Disarmed . | . . . Reprogrammed . | . . . Reused . | . . . Traps Extracted . | . . . Installed . | . . . Triggered . | . . . Machines | -11 -10 -10 ---------- Run | Yrd Mat Min Machines Disabled 2 | . 2 . Max in Single Turn 1 | . 1 . Machines Repaired . | . . . Machines Dismantled . | . . . Machines Sabotaged . | . . . Overloaded Fab Kills . | . . . Hacking | -11 -10 -10 --------- Run | Yrd Mat Min Machines Accessed 5 | . 5 . Terminals 3 | . 3 . Fabricators . | . . . Repair Stations 1 | . 1 . Recycling Units 1 | . 1 . Scanalyzers . | . . . Garrison Access . | . . . Total Hacks 17 | . 17 . Successful 8 | . 8 . Failed 9 | . 9 . Catastrophic 1 | . 1 . Database Lockouts . | . . . Manual 3 | . 3 . Terminals 10 | . 10 . Fabricators . | . . . Repair Stations 5 | . 5 . Recycling Units 2 | . 2 . Scanalyzers . | . . . Garrison Access . | . . . Terminal Hacks 1 | . 1 . Emergency Access Points 1 | . 1 . Fabricator Hacks . | . . . Repair Station Hacks 4 | . 4 . Scan Component 2 | . 2 . Repair 2 | . 2 . Recycling Unit Hacks 1 | . 1 . Retrieve Matter 1 | . 1 . Scanalyzer . | . . . Garrison Access Hacks . | . . . Unauthorized Hacks 2 | . 2 . Terminals 2 | . 2 . Botnet 1 | . 1 . Operators 1 | . 1 . Fabricators . | . . . Repair Stations . | . . . Recycling Units . | . . . Scanalyzers . | . . . Garrison Access . | . . . Data Cores Recovered . | . . . Used . | . . . Hacking Detections 5 | . 5 . Full Trace Events 1 | . 1 . Feedback Events . | . . . Feedback Blocked . | . . . Robot Schematics Acquired . | . . . Robots Built . | . . . Authchips . | . . . Time . | . . . Total Robot Build Rating . | . . . Part Schematics Acquired . | . . . Parts Built . | . . . Authchips . | . . . Time . | . . . Total Part Build Rating . | . . . Part Studies Acquired . | . . . Parts Repaired 2 | . 2 . Time 52 | . 52 . Parts Recycled . | . . . Recycled Matter . | . . . Retrieved Matter . | . . . Retrieved Components . | . . . Parts Scanalyzed . | . . . Part Schematics Acquired . | . . . Parts Damaged . | . . . Bothacking | -11 -10 -10 ------------ Run | Yrd Mat Min Used RIF Installer . | . . . Robots Hacked . | . . . Non-combat . | . . . Combat . | . . . Robot Hacks Applied . | . . . Relay Couplers Released . | . . . Fabnet Peak Effective % . | . . . Robots Rewired . | . . . Allies Hacked . | . . . Hacks Repelled . | . . . Allies | -11 -10 -10 -------- Run | Yrd Mat Min Total Allies . | . . . Largest Group . | . . . Highest-Rated Group . | . . . Highest-Rated Ally . | . . . Total Orders . | . . . Ally Attacks . | . . . Total Damage . | . . . Kills . | . . . Allies Corrupted . | . . . Allies Melted . | . . . Intel | -11 -10 -10 ------- Run | Yrd Mat Min Active Infowar (turns) 516 | . 331 185 Sensors 516 | . 331 185 Robot Analysis Total . | . . . Derelict Logs Recovered . | . . . Drone Launches . | . . . Drone Recoveries . | . . . Exploration | -11 -10 -10 ------------- Run | Yrd Mat Min Turns Passed 857 | 49 623 185 Spaces Moved 461 | 33 329 99 Core 3 | 1 . 2 Treads . | . . . Legs 366 | 32 329 5 Wheels 1 | . . 1 Hover . | . . . Flight 91 | . . 91 Fastest Speed 50 | 50 120 80 Average Speed 119 | 117 120 119 Slowest Speed 120 | 120 120 120 Overloaded Moves . | . . . Propulsion Burnouts . | . . . Robots Hopped . | . . . Potential Cave-ins . | . . . Cave-ins Triggered . | . . . Exploration Rate (%) 27 | 3 53 26 Regions Visited 2 Branch Regions 1 Pre-discovered Areas . | . . . Known Exits Taken 1 | . 1 . Unknown Exits Taken 1 | 1 . . Scrap Searched . | . . . Spaces Dug . | . . . Terrain Destroyed 12 | . 9 3 Melee . | . . . Projectile 3 | . . 3 AOE 9 | . 9 . Terrain Rammed . | . . . Walls Destroyed . | . . . Machines Disabled . | . . . Actions | -11 -10 -10 --------- Run | Yrd Mat Min Total 645 | 41 473 131 Wait 79 | . 76 3 Move 459 | 32 328 99 Hop . | . . . Pick Up 9 | 5 4 . Fast Attach 9 | 4 3 2 Attach 8 | . 5 3 Detach 1 | . 1 . Swap 9 | . 9 . Drop 6 | . 6 . Fire 62 | . 41 21 Melee . | . . . Ram 3 | . . 3 Kick . | . . . Crush . | . . . Escape Stasis . | . . . Rewire . | . . . Trap . | . . . Miscellaneous . | . . . Route ------- -11/Scrapyard -10/Materials (discovered 2 exits: *Mat / *Min) -10/Mines History --------- Turn | Location | Event 15 | -11/Scrapyard | Discovered new exit (range 16) 50 | -11/Scrapyard | Entered Materials 161 | -10/Materials | Discovered new exit (range 12) 304 | -10/Materials | Build established: Mutant 387 | -10/Materials | Discovered new exit (range 16) 445 | -10/Materials | Identified exit to Materials 530 | -10/Materials | Repaired Aluminum Leg 550 | -10/Materials | Derelicts attacked the area 558 | -10/Materials | Repaired Aluminum Leg? 672 | -10/Materials | Identified exit to Mines 673 | -10/Materials | Entered Mines 689 | -10/Mines | Core integrity fell below 50% 735 | -10/Mines | Lost 4 parts (2n2w) 743 | -10/Mines | Met a Derelict bent on vengeance 785 | -10/Mines | Assembled infested the area 790 | -10/Mines | Assisted by a Guerilla fighting off Assembled 835 | -10/Mines | Core integrity fell below 20% 858 | -10/Mines | Destroyed by as-98264 with Assembled F-torch Last Messages --------------- 00765_ Acquired 14 matter. 00766_ K-01 Serf collects debris. 00785_ ALERT: Infestation in the mines, dispatching Demolisher response squad. 00790_ A derelict emerges from the shadows: "You need to get out of here! I've been tracking a group of Assembled to figure out where they're coming from, and they're closing on this area, come on!" 00833_ K-01 Serf collects debris. 00834_ Slammed into U-05 Engineer. 00834_ Signal Interpreter broken. 00834_ Destabilizing: Short circuit. 00835_ Slammed into U-05 Engineer. 00836_ K-01 Serf collects debris. 00843_ K-01 Serf destroyed. 00846_ K-01 Serf collects debris. 00854_ Mining Laser destroyed. 00854_ Slammed into as-32436. 00854_ Destabilizing: Core damaged (-12). Map ----- +----------------------------------------------------+ | ??????????????????????????????????????????????? | | ??????????????????????????????????????????????? | | ??????????????????????????????????????????????? | | ??????????????????????????????????????????????? | | ??????????????????????????????????????????????? | | ??????????????????????????????????????????????? | | ?????????????????????????????# #####?????????? | | ?????????????????????????????# #?????????? | | ?????????????????????????????###### #?????????? | | ??????????????????????????????????# #?????????? | | ??????????????????????????????????# #?????????? | | ??????????????????????????????????# #?????????? | | ??????????????????????????????????# #?????????? | | ??????????????????????????????????# #?????????? | | ??????????????????????????????????# #?????????? | | ??????????????????????????????????# #?????????? | | ??????????????????????######??????# #????????## | | ?????????????????????##" "##?????# #???????## | | ?????????????????????#!! !]#?????# #???????# | | ?????????????????????#!! [|#?????# #???????# | | ??????????????????????# Y #??????# #???????? | | ?????????????????????###//####????# #????????? | | ?????????????????????# ###### #?????????# | | ????????????????###### a !a ?######????# | | ????????????????# ? a #%* ###### | | ?????????# =%!$ ####@ #= | | ?????????# ####??????######### | | ?????????????????????????????## # | | ??????????????????????????????#### #?? | | ?????????????????????????????????## ##??# | | ??????????????????????????????????## ##?# | | ???????????????????????????????????# ### | | ???????????????????????????????????# ## | | ???????????????????????????????????# ## ! | | ???????????????????????????????????# #### ## | | ???????????????????????????????????## #??# #? | | ????????????????????????????????????# #??# #? | | ????????????????????????????????????# #??# #? | | ????????????????????????????????????# #?## #? | | ???????????????????????????????????? ### #? | | ???????????????????????????????????? ?# # | | ??????????????????????????????????? #### | | ??????????????????????????????????? ??# """ | | ???????????????????????????????????? """ | | ?????????????????????????????????????? """ | | ?????????????????????????????????????? # | | ???????????????????????????????????????## ## | | ????????????????????????????????????????#####?? | | ??????????????????????????????????????????????? | | ??????????????????????????????????????????????? | +----------------------------------------------------+ Best States ------------- Heat Dissipation 25 Energy Generation 10 Energy Capacity 250 Matter Stores 300 Matter Capacity 300 Sight Range 16 Robot Scan Range 14 Terrain Scan Density 10 Evasion (%) 55 Item Schematics ----------------- None Robot Schematics ------------------ None Fabricated ------------ Nothing Repaired ---------- Aluminum Leg | 33% | -10/Materials Aluminum Leg | 61% | -10/Materials Studied --------- None Alien Tech Used ----------------- None Achievements -------------- None Challenges ------------ None Game ------ Seed RocketDeliveryTerrabomb Manual? 0 Play Time 00:14:25 Cumulative 93.6 hours Start 2026.02.22 @ 01:31:54 End 2026.02.22 @ 19:29:27 Sessions 1 Manual Loads 0 Difficulty Rogue Special Mode None Game No. 82 Rogue 82 Adventurer 0 Explorer 0 Win Type - Total 0 Types 0/0/0/0/0/0/0/0/0/0 Lore% 39 Gallery% 39 Achievement% 28 Wizard Run 0 Options --------- Layout 1 ASCII 1 Keyboard 1 Movement Numpad Keybinds 0 Fullscreen 1 Font 24/Smallcaps Map View 50x35 Zoom Use 0% Tactical HUD 1 Map Filters NONE Filters NONE Steam 1 RUN: 4e79f37a-ffaa-495b-88f0-13da2e37711f